[Event "*** Titled Tuesday Blitz"]
[Site "Chess.com"]
[Date "2021.03.02"]
[Round "10"]
[White "Gahan-MG"]
[Black "AldokhinIvan"]
[Result "1-0"]
[WhiteElo "2657"]
[BlackElo "2532"]
[TimeControl "180+1"]
[EndTime "11:58:15 PST"]
[Termination "Gahan-MG won on time"]

1. e4 c5 2. c3 d5 3. exd5 Qxd5 4. d4 Nf6 5. Nf3 cxd4 6. cxd4 e6 7. Nc3 Qd6 8. a3 Be7 9. Bd3 O-O 10. O-O Rd8 11. Qe2 Nc6 12. Be3 a6 13. Rfd1 b5 14. Rac1 Bb7 15. Bb1 Rac8 16. Ba2 b4 17. Na4 bxa3 18. Nc5 axb2 19. Nxb7 bxc1=Q 20. Nxd6 Qa3 21. Nxc8 Rxc8 22. Rc1 Bf8 23. h3 Nxd4 24. Nxd4 Rxc1+ 25. Kh2 Rc8 26. Nxe6 Bd6+ 27. g3 Re8 28. Ng5 Kf8 29. Nxf7 Ne4 30. Nxd6 Qxd6 31. Qc4 Ke7 32. Qxe4+ Kd8 33. Bg5+ Kd7 34.
Qb7+ 1-0

[Event "*** Titled Tuesday Blitz"]
[Site "Chess.com"]
[Date "2021.03.02"]
[Round "10"]
[White "sara_khm"]
[Black "szachuspl"]
[Result "0-1"]
[WhiteElo "2588"]
[BlackElo "2490"]
[TimeControl "180+1"]
[EndTime "11:58:15 PST"]
[Termination "szachuspl won by resignation"]

1. d4 Nf6 2. Nf3 g6 3. c4 Bg7 4.
g3 O-O 5. Bg2 d6 6. O-O c5 7.
Nc3 Nc6 8. dxc5 dxc5 9. Bf4 Qa5 10. Ne5 Nd4 11. e3 Ne6 12. h4 Nxf4 13. exf4 Rd8 14.
Qb3 Nd7 15. Nd5 Bf8 16. Rad1 Nxe5 17. fxe5 Kg7 18. f4 Rb8 19. Qe3 e6 20. Nf6 Be7 21. a3 b5 22. f5 exf5 23. h5 Be6 24. h6+ Kh8 25. Bd5 bxc4 26. Bxe6 fxe6 27. Rxd8+ Qxd8 28. Qf4 Qd4+ 29. Qxd4 cxd4 30. Rc1 Rc8 31. g4 Bxf6 32.
exf6 Kg8 33. g5 e5 34. Kf2 Kf7 35. Kf3 Ke6 36. b4 Kd5 37. a4 c3 38. b5 e4+ 39.
Ke2 Kc4 40. Rb1 c2 41. Rc1 Kc3 42. a5 d3+ 43. Ke3 d2 0-1

[Event "*** Titled Tuesday Blitz"]
[Site "Chess.com"]
[Date "2021.03.02"]
[Round "10"]
[White "Kozok"]
[Black "NikolaGry"]
[Result "0-1"]
[WhiteElo "2453"]
[BlackElo "2604"]
[TimeControl "180+1"]
[EndTime "11:58:16 PST"]
[Termination "NikolaGry won on time"]

1. e4 e6 2. d4 Ne7 3. Nc3 d5 4. e5 c5 5. Nb5 Nec6 6. Bg5 Qxg5 7. Nc7+ Kd8 8. Nxa8 Nxd4 9. Nf3 Qf4 10. c3 Nxf3+ 11.
Qxf3 Qxf3 12. gxf3 b6 13. a4 Bb7 14. a5 b5 15. Nb6 Kc7 16. Nxd5+ Bxd5 17. Bxb5 Bxf3 18. Rg1 Nc6 19. Bxc6 Bxc6 20. O-O-O g6 21. Kc2 h5 22. b3 Bh6 23. f4 Bxf4 24. Rdf1 g5 25. h4 Be4+ 26. Kb2 Bg6 27. hxg5 Bxe5 28. Re1 Bd6 29. Re3 h4 30. b4 h3 31. Rh1 h2 32. Re2 Rb8 0-1

[Event "*** Titled Tuesday Blitz"]
[Site "Chess.com"]
[Date "2021.03.02"]
[Round "10"]
[White "shaheus"]
[Black "HrvojeZagreb"]
[Result "1-0"]
[WhiteElo "2413"]
[BlackElo "2256"]
[TimeControl "180+1"]
[EndTime "11:58:16 PST"]
[Termination "shaheus won on time"]

1. e4 e6 2. Nf3 d5 3. Nc3 dxe4 4. Nxe4 Nd7 5. Qe2 Ngf6 6. g3 b6 7. Bg2 Bb7 8. d3 Nxe4 9. dxe4 Be7 10. O-O O-O 11.
Rd1 Qc8 12. b3 Bf6 13. Rb1 a5 14. Bb2 a4 15. e5 Be7 16. Rd2 axb3 17. axb3 Ra2 18.
Bc3 Nc5 19. Nd4 Bxg2 20. Kxg2 Qb7+ 21. Qf3 Qxf3+ 22. Kxf3 f6 23. Nc6 fxe5+ 24. Kg2 Bg5 25. Re2 e4 26. h4 Bf6 27. Bb4 e3 28. fxe3 Ne4 29. Bxf8 Nc3 30. Rbe1 Nxe2 31. Rxe2 Kxf8 32. e4 Bc3 33. Kf3 Ke8 34. Kf4 Kd7 35. Ne5+ Ke7 36. Nd3 1-0

[Event "*** Titled Tuesday Blitz"]
[Site "Chess.com"]
[Date "2021.03.02"]
[Round "10"]
[White "SGchess01"]
[Black "Bigfish1995"]
[Result "1-0"]
[WhiteElo "2865"]
[BlackElo "3102"]
[TimeControl "180+1"]
[EndTime "11:58:18 PST"]
[Termination "SGchess01 won on time"]

1. e4 e5 2. Nf3 Nc6 3. Bb5 a6 4. Ba4 Nf6 5. O-O Be7 6. d3 d6 7. c3 O-O 8. Nbd2 b5 9. Bc2 d5 10. Re1 dxe4 11. dxe4 Be6 12. Qe2 Qc8 13. a4 b4 14. Nc4 Nd7 15. a5 Rb8 16. Ba4 Qb7 17.
Bxc6 Qxc6 18. Ncxe5 Nxe5 19. Nxe5 Qb5 20. Qxb5 Rxb5 21.
Nf3 bxc3 22. bxc3 c5 23. Bf4 Bd8 24. Rec1 Re8 25. Ne5 c4 26. Nc6 Bf6 27. e5 Bd8 28.
Nxd8 Rxd8 29. Be3 Rdd5 30. Bd4 Rxa5 31. Rxa5 Rxa5 32. Rb1 g5 33. f3 Kg7 34. Rb2 h5 35.
Kf2 h4 36. Ke3 Kg6 37. g3 Kh5 38.
Rb8 hxg3 39. hxg3 Ra2 40. Rh8+ Kg6 41. Rg8+ Kh6 42. Bc5 Bf5 43. g4 Bg6 44. Be7 1-0

[Event "*** Titled Tuesday Blitz"]
[Site "Chess.com"]
[Date "2021.03.02"]
[Round "10"]
[White "GelmanAlexander"]
[Black "GM_Crest"]
[Result "0-1"]
[WhiteElo "2576"]
[BlackElo "2787"]
[TimeControl "180+1"]
[EndTime "11:58:22 PST"]
[Termination "GM_Crest won on time"]

1. d4 Nf6 2. Nc3 d5 3. Bf4 c5 4. e3 cxd4 5. exd4 Bg4 6. f3 Bd7 7. Qd2 Nc6 8. g4 e6 9. h4 Qb6 10. O-O-O Rc8 11. h5 h6 12. Kb1 Bb4 13. Nge2 Na5 14.
Ka1 Nc4 15. Qc1 Qa5 16. Nb1 b5 17. Ng3 Rc6 18. Bxc4 dxc4 19. c3 Be7 20. g5 hxg5 21. Bxg5 b4 22. cxb4 Bxb4 23. h6 Bf8 24. hxg7 Bxg7 25.
Rxh8+ Bxh8 26. Rh1 Bg7 27. Ne4 Nd5 28. Bd2 Qb6 29. Qg1 Qxd4 30. Qxd4 Bxd4 31. Nbc3 Nb4 32. a3 Nd3 33. Rh7 Rb6 0-1

[Event "*** Titled Tuesday Blitz"]
[Site "Chess.com"]
[Date "2021.03.02"]
[Round "10"]
[White "urutodo"]
[Black "JQuiroga18"]
[Result "0-1"]
[WhiteElo "2301"]
[BlackElo "2436"]
[TimeControl "180+1"]
[EndTime "11:58:24 PST"]
[Termination "JQuiroga18 won by checkmate"]

1. e4 e5 2. Nf3 Nc6 3. Bc4 Nf6 4. d3 Be7 5. Nc3 O-O 6. O-O d6 7. a3 Be6 8. Bxe6 fxe6 9. d4 exd4 10. Nxd4 Qd7 11.
Be3 Rf7 12. f4 Raf8 13. h3 e5 14. Nxc6 Qxc6 15. fxe5 Nxe4 16. Rxf7 Rxf7 17. Nd5 dxe5 18. Qd3 Nc5 19. Qc4 Ne6 20. Qxc6 bxc6 21. Nxe7+ Rxe7 22. Bxa7 Kf7 23. Be3 Rd7 24. Rf1+ Kg6 25. a4 Nd4 26. Rf2 c5 27. Rd2 Rf7 28. a5 c6 29. c3 Nb3 30.
Rd6+ Kf5 31. Rxc6 Ra7 32. a6 Ke4 33. Bxc5 Nxc5 34. Rxc5 Rxa6 35. Rc4+ Kd3 36. Rc8 e4 37. Rd8+ Ke2 38. c4 Ra1+ 39. Kh2 e3 40. c5 Rb1 41. c6 Rc1 42. Rd6 Kf2 43. b4 e2 44. Re6 Rxc6 45.
Rxc6 e1=Q 46. h4 Qe5+ 47. Kh1 Qe1+ 48. Kh2 Qg1+ 49. Kh3 Qxg2# 0-1

[Event "*** Titled Tuesday Blitz"]
[Site "Chess.com"]
[Date "2021.03.02"]
[Round "10"]
[White "dodorox"]
[Black "ObligatePawnivore"]
[Result "0-1"]
[WhiteElo "2134"]
[BlackElo "1867"]
[TimeControl "180+1"]
[EndTime "11:58:24 PST"]
[Termination "ObligatePawnivore won on time"]

1. d4 e6 2. c4 Nf6 3. Nc3 Bb4 4.
e3 b6 5. Ne2 c5 6. a3 Ba5 7.
Ng3 Bxc3+ 8. bxc3 Bb7 9. Be2 Bxg2 10. Rg1 Bb7 11. a4 Nc6 12. Bf3 Qc7 13. d5 Ne5 14.
Nh5 Nxh5 15. Bxh5 g6 16. Be2 Ba6 17. Qb3 exd5 18. cxd5 Bxe2 19. Kxe2 c4 20. Qc2 Nd3 21. Rg2 O-O 22. Ba3 Rfe8 23. Rd1 Nf4+ 24. Kf1 Nxg2 25. Kxg2 Qe5 26. Qd2 Qe4+ 27. Kg1 Re5 28. f4 Rh5 29. Re1 Rh4 30. Qg2 Qf5 31. h3 Rxh3 32. Kf2 Qh5 0-1

[Event "*** Titled Tuesday Blitz"]
[Site "Chess.com"]
[Date "2021.03.02"]
[Round "10"]
[White "juancruzarias"]
[Black "Mihnea2017"]
[Result "1-0"]
[WhiteElo "2624"]
[BlackElo "2457"]
[TimeControl "180+1"]
[EndTime "11:58:25 PST"]
[Termination "juancruzarias won by resignation"]

1. d4 Nf6 2. Nf3 e6 3. e3 c5 4.
Bd3 b6 5. O-O Bb7 6. c4 cxd4 7.
exd4 d6 8. Nc3 Nbd7 9. d5 e5 10. h3 g6 11. Be3 Bg7 12. Qd2 O-O 13. Rac1 Rc8 14. b4 a6 15. a4 a5 16. bxa5 bxa5 17. Nb5 Nc5 18. Bxc5 Rxc5 19. Rfe1 Nh5 20. Bf1 h6 21. Rb1 Bc8 22. Na7 Bd7 23. Nc6 Bxc6 24. dxc6 Rxc6 25. Rb5 Ra6 26. Rd1 e4 27. Nd4 Be5 28.
Nb3 Qh4 29. c5 dxc5 30. Rxc5 Re6 31. Bc4 Re7 32. Qc2 Nf4 33. Bf1 Kg7 34. Kh1 Bb8 35.
Qc3+ Kh7 36. Qg3 Qf6 37. Qc3 Be5 38. Qxa5 Nh5 39. Qe1 Qf4 40. g3 Qf5 41. Bg2 Rb7 42.
Nd4 Bxd4 43. Rxf5 gxf5 44. Rxd4 Rfb8 45. Rd1 Rb5 1-0

[Event "*** Titled Tuesday Blitz"]
[Site "Chess.com"]
[Date "2021.03.02"]
[Round "10"]
[White "Taktikmonster"]
[Black "KonstantinB_1983"]
[Result "0-1"]
[WhiteElo "2366"]
[BlackElo "2525"]
[TimeControl "180+1"]
[EndTime "11:58:25 PST"]
[Termination "KonstantinB_1983 won on time"]

1. e4 c6 2. d4 d5 3. e5 Bf5 4. Nd2 e6 5. Nb3 Nd7 6. Nf3 Ne7 7. Be2 h6 8. O-O g5 9. a4 Bg7 10. a5 c5 11. Nxc5 Nxc5 12. dxc5 Qc7 13. Be3 g4 14. Nd4 Bxe5 15. Bxg4 Bxh2+ 16. Kh1 Bxg4 17. Qxg4 Be5 18. Nxe6 fxe6 19. Qxe6 Rg8 20. f4 Bxb2 21. Rab1 Bc3 22. f5 Qe5 23. Rxb7 Qxe6 24. fxe6 Rg6 25.
Rf7 Rxe6 26. Rf3 Be5 27. Bf2 Bf6 28. Bg3 Kf7 29. Bd6 Kg6 30. Rd3 d4 31. a6 Nf5 32.
Bb8 Rxa6 33. g4 Ne3 34. c3 dxc3 35. Rxe3 Ra1+ 36. Kg2 c2 37. g5 hxg5 0-1

[Event "*** Titled Tuesday Blitz"]
[Site "Chess.com"]
[Date "2021.03.02"]
[Round "10"]
[White "tgpgoat"]
[Black "Bongcloudtransvestit"]
[Result "1-0"]
[WhiteElo "2128"]
[BlackElo "2250"]
[TimeControl "180+1"]
[EndTime "11:58:25 PST"]
[Termination "tgpgoat won by resignation"]

1. d4 Nf6 2. Nf3 b6 3. Bf4 Bb7 4. Nbd2 d6 5. c4 Nbd7 6. e3 g6 7. Bd3 Bg7 8. O-O O-O 9. b3 Re8 10. Bg3 Nh5 11. Qc2 Nxg3 12. hxg3 e5 13. d5 a5 14. e4 c6 15. Rfe1 cxd5 16. exd5 Rc8 17. Bf1 f5 18. Rad1 e4 19. Nh2 Qg5 20. Nb1 h5 21.
Nc3 Nc5 22. Nb5 Rcd8 23. Nd4 h4 24. gxh4 Qxh4 25. g3 Qg5 26. Bg2 e3 27. Nhf3 exf2+ 28. Qxf2 Qf6 29. Rxe8+ Rxe8 30. Re1 Ne4 31. Qe3 Re7 32.
Ne6 Bc8 33. Nfd4 Bh8 34. Bxe4 fxe4 35. Qxe4 Bxe6 36. Nxe6 Rh7 37. Rf1 Qe7 38. Rf8+ Qxf8 39.
Nxf8 Kxf8 40. Qxg6 Bd4+ 41. Kg2 Rd7 42. Qe6 Rd8 43.
g4 Be5 44. Qf5+ Ke7 45. Qe6+ Kf8 46. Kf3 Re8 47. Qd7 Re7 48. Qd8+ Kf7 49. Qxb6 1-0

[Event "*** Titled Tuesday Blitz"]
[Site "Chess.com"]
[Date "2021.03.02"]
[Round "10"]
[White "DenLaz"]
[Black "1977Ivan"]
[Result "1/2-1/2"]
[WhiteElo "2859"]
[BlackElo "2802"]
[TimeControl "180+1"]
[EndTime "11:58:26 PST"]
[Termination "Game drawn by repetition"]

1. d4 Nf6 2. c4 c5 3. d5 g6 4. Nc3 Bg7 5. e4 d6 6. h3 O-O 7.
Bd3 e6 8. Nf3 Nbd7 9. O-O e5 10.
g4 h5 11. Nh2 hxg4 12. hxg4 Nh7 13. f3 Bf6 14. Bh6 Bg5 15. Bxf8 Qxf8 16. Kg2 Ndf6 17. Rh1 Bd7 18. Nf1 a6 19. Qe2 Qe7 20. a3 Kg7 21. b4 b6 22. Nd2 Bf4 23. Nb3 Ng5 24. Qf2 Nxf3 25. Qxf3 Nxg4 26. Rag1 cxb4 27. axb4 a5 28. b5 a4 29. Na1 Be3 30. Nc2 Bc5 31. Qg3 Qg5 32. Ne2 Bxg1 33. Rxg1 Rh8 34. Rh1 Rxh1 35. Kxh1 Qd2 36. Kg1 Qd1+ 37. Kg2 Qd2 38. Kg1 Qd1+ 39. Kg2 Qd2 40. Kg1 1/2-1/2

[Event "*** Titled Tuesday Blitz"]
[Site "Chess.com"]
[Date "2021.03.02"]
[Round "10"]
[White "Mbneu"]
[Black "Herman-NY"]
[Result "0-1"]
[WhiteElo "2308"]
[BlackElo "2451"]
[TimeControl "180+1"]
[EndTime "11:58:27 PST"]
[Termination "Herman-NY won on time"]

1. d4 Nf6 2. c4 g6 3. Nc3 Bg7 4.
e4 d6 5. f4 O-O 6. Nf3 e5 7. fxe5 dxe5 8. d5 Bg4 9. Bd3 Ne8 10.
h3 Bxf3 11. Qxf3 b6 12. O-O Nd6 13. b4 f5 14. Qg3 f4 15. Qg4 Nd7 16. Ba3 a5 17. b5 Rf6 18. Rac1 Bf8 19. c5 bxc5 20.
Na4 Nb7 21. Bc4 Kh8 22. Rc2 Bd6 23. Bc1 Qe7 24. g3 Raf8 25. Rcf2 Nd8 26. Nc3 Qf7 27. Ne2 Nb6 28. Bd3 c4 29. Bc2 Bc5 30. gxf4 Nd7 31.
f5 gxf5 32. exf5 Rg8 33. Bg5 Nb7 0-1

[Event "*** Titled Tuesday Blitz"]
[Site "Chess.com"]
[Date "2021.03.02"]
[Round "10"]
[White "Chowman64"]
[Black "m_ezat"]
[Result "1-0"]
[WhiteElo "2707"]
[BlackElo "2543"]
[TimeControl "180+1"]
[EndTime "11:58:28 PST"]
[Termination "Chowman64 won by resignation"]

1. Nf3 Nf6 2. c4 g6 3. Nc3 Bg7 4.
g3 d6 5. d4 O-O 6. Bg2 Nc6 7. O-O Bg4 8. d5 Na5 9. Nd2 c5 10. h3 Bd7 11. Qc2 a6 12. b3 b5 13. Bb2 Rb8 14. Rab1 e5 15. e4 Nh5 16. Ne2 f5 17. f4 bxc4 18. fxe5 c3 19. Bxc3 Bb5 20. Nc4 Bxc4 21. bxc4 Rxb1 22. Qxb1 Nxc4 23. exf5 Nxe5 24. fxg6 Rxf1+ 25. Qxf1 hxg6 26. g4 Nf6 27. Nf4 Nfxg4 28. hxg4 Nxg4 29. Bxg7 Qh4 30. Qf3 Kxg7 31.
Ne6+ Kh6 32. Qf8+ Kh5 33. Qh8+ Nh6 34. Bf3+ Qg4+ 35. Bxg4+ Kxg4 36. Qxh6 1-0

[Event "*** Titled Tuesday Blitz"]
[Site "Chess.com"]
[Date "2021.03.02"]
[Round "10"]
[White "Legendinunknown"]
[Black "AlexeiShirov"]
[Result "0-1"]
[WhiteElo "2630"]
[BlackElo "2828"]
[TimeControl "180+1"]
[EndTime "11:58:29 PST"]
[Termination "AlexeiShirov won by resignation"]

1. d4 d5 2. c4 c6 3. Nf3 Nf6 4.
Nc3 e6 5. Bg5 dxc4 6. e4 b5 7.
e5 h6 8. Bh4 g5 9. Nxg5 hxg5 10. Bxg5 Nbd7 11. g3 Bb7 12. Bg2 Qb6 13. exf6 O-O-O 14. O-O c5 15. d5 b4 16. Na4 Qa6 17. a3 Bxd5 18. Bxd5 Ne5 19. axb4 Rxd5 20. Qe2 cxb4 21. Bf4 Nd3 22. Be3 Qc6 23. h4 Kb7 24. b3 cxb3 25.
Rfd1 Ne5 26. Rdb1 Ra5 27. f4 Nf3+ 28. Kf2 Nxh4 29. gxh4 Rxh4 30. Kf1 Qh1+ 31. Kf2 Rh2+ 32. Kg3 Rxe2 33. Rxh1 Rxe3+ 34. Kg4 Bd6 35. Rhb1 Rf5 36. Rf1 Re4 37. Nb2 Rexf4+ 38. Rxf4 Rxf4+ 39. Kg5 Rf5+ 40. Kg4 Rxf6 41. Nd3 Kb6 42. Rb1 Kb5 43. Rxb3 Kc4 44. Nc1 Rf1 45. Rb1 a5 46. Ra1 a4 47. Rb1 b3 48. Nxb3 Rxb1 49. Nd2+ Kd3 50. Nxb1 Kc2 51. Nc3 Kxc3 0-1

[Event "*** Titled Tuesday Blitz"]
[Site "Chess.com"]
[Date "2021.03.02"]
[Round "10"]
[White "kleopl"]
[Black "alexrustemov"]
[Result "1/2-1/2"]
[WhiteElo "2491"]
[BlackElo "2697"]
[TimeControl "180+1"]
[EndTime "11:58:29 PST"]
[Termination "Game drawn by repetition"]

1. c4 c5 2. Nf3 b6 3. d4 cxd4 4. Nxd4 Bb7 5. Nc3 Nf6 6. Bg5 e6 7.
f3 Be7 8. e4 Nxe4 9. Bxe7 Nxc3 10. Bxd8 Nxd1 11. Rxd1 Kxd8 12. Nb5 Bc6 13. Nd6 Ke7 14.
b4 a6 15. Be2 Ra7 16. Kf2 Rc7 17. Rd2 Ba4 18. Rc1 b5 19. c5 Nc6 20. a3 Rb8 21.
Bd3 g6 22. h4 a5 23. Rb2 axb4 24. axb4 h6 25. Ra1 f5 26. f4 h5 27. g3 Nd8 28. Rd2 Nf7 29. Be2 Nd8 30. Bf3 Ra7 31.
Re2 Nf7 32. Nxf7 Kxf7 33. Rd2 Ke7 34. Rd6 Rc7 35. Ra2 Bb3 36. Ra3 Bc4 37. Ra1 Re8 38.
Ke3 Kf7 39. Kd4 Kf6 40. Raa6 Ke7 41. Ke5 Rec8 42. Rdb6 Bd3 43. Ra3 Bc4 44. Raa6 Bd3 45. Bg2 Be2 46. Ra2 Bc4 47. Ra5 Be2 48. Ra2 Bc4 49. Ra5 Be2 50. Ra2 1/2-1/2

[Event "*** Titled Tuesday Blitz"]
[Site "Chess.com"]
[Date "2021.03.02"]
[Round "10"]
[White "MerryPoppies"]
[Black "Klavdia_Nik"]
[Result "1-0"]
[WhiteElo "2133"]
[BlackElo "2050"]
[TimeControl "180+1"]
[EndTime "11:58:29 PST"]
[Termination "MerryPoppies won on time"]

1. d4 Nf6 2. Nf3 c5 3. c3 b6 4. e3 Bb7 5. Be2 g6 6. O-O Bg7 7. Nbd2 O-O 8. Qc2 d5 9. b3 Nc6 10. Bb2 Rc8 11. Rac1 e6 12. Rfd1 Qe7 13. Ba3 e5 14. dxe5 Nxe5 15. Nxe5 Qxe5 16. Nf3 Qc7 17. c4 Rfd8 18. Bb2 dxc4 19. Be5 Qc6 20. Qxc4 b5 21.
Qxb5 Qb6 22. Qxb6 axb6 23. Rd6 Rxd6 24. Bxd6 Ne4 25. Be5 f6 26. Bf4 g5 27. Bg3 Bd5 28. Ne1 Kf7 29. f3 Nxg3 30. hxg3 Ra8 31. e4 Be6 32.
Rc2 Bf8 33. Nd3 Bd6 34. Kf2 h5 35. f4 gxf4 36. Bxh5+ Ke7 37. gxf4 Rc8 38. Ke3 b5 39. e5 fxe5 40. fxe5 1-0

[Event "*** Titled Tuesday Blitz"]
[Site "Chess.com"]
[Date "2021.03.02"]
[Round "10"]
[White "Ali-Farahat"]
[Black "eduardoperalta"]
[Result "0-1"]
[WhiteElo "2418"]
[BlackElo "2541"]
[TimeControl "180+1"]
[EndTime "11:58:30 PST"]
[Termination "eduardoperalta won on time"]

1. e4 c5 2. Nf3 Nc6 3. Bb5 g6 4. O-O Bg7 5. c3 Nf6 6. e5 Nd5 7. d4 cxd4 8. cxd4 O-O 9. Nc3 Nxc3 10. bxc3 d6 11. exd6 exd6 12. Bg5 Qa5 13. Qb3 Bg4 14. Nd2 a6 15. Bxc6 bxc6 16. Be7 Rfb8 17. Nc4 Qd5 18. Qa4 Be2 19. Ne3 Qe6 20. Rfe1 Bb5 21.
Qa3 Qxe7 22. c4 Bxd4 23. Rad1 Bc5 24. Qc3 Qe5 25. Qxe5 dxe5 26. cxb5 axb5 27. Ng4 Rxa2 28. Rxe5 Bd4 29. Re4 c5 30. Rf4 f5 31. Ne3 Rba8 32. h4 Ra1 33. Rf1 Bxe3 34. fxe3 Rxf1+ 35. Rxf1 Ra3 36. Rc1 c4 37. Rb1 Rb3 38. Re1 c3 39. Kf2 b4 40. Ke2 Rb2+ 41. Kd3 Rxg2 42. Ra1 Kg7 0-1

[Event "*** Titled Tuesday Blitz"]
[Site "Chess.com"]
[Date "2021.03.02"]
[Round "10"]
[White "Bodnar_Mykola"]
[Black "paulrusan"]
[Result "0-1"]
[WhiteElo "2491"]
[BlackElo "2363"]
[TimeControl "180+1"]
[EndTime "11:58:31 PST"]
[Termination "paulrusan won on time"]

1. d4 Nf6 2. c4 g6 3. Nc3 Bg7 4. e4 d6 5. Be2 O-O 6. Be3 c5 7. d5 b5 8. cxb5 a6 9. bxa6 Qa5 10. Qd2 Bxa6 11. Bxa6 Qxa6 12. Nge2 Nbd7 13. O-O Rfb8 14. Rfb1 Ng4 15. Bg5 Kf8 16. a4 Rb4 17. Ra3 Rab8 18. b3 c4 19. Nb5 Rxb3 20. Rbxb3 cxb3 21. Ned4 h6 22. Bh4 Nge5 23. Qb4 Nc5 24. Nxb3 Nxb3 25. Rxb3 g5 26. Bg3 Nd7 27. f3 Kg8 28. Bf2 Rc8 29.
g3 Rc2 30. Nd4 Rc1+ 31. Be1 Bxd4+ 32. Kg2 Bc5 33. Qd2 Qc4 34. Rb2 Bd4 0-1

[Event "*** Titled Tuesday Blitz"]
[Site "Chess.com"]
[Date "2021.03.02"]
[Round "10"]
[White "TheBigBoss04"]
[Black "TigrVShlyape"]
[Result "1-0"]
[WhiteElo "2769"]
[BlackElo "2887"]
[TimeControl "180+1"]
[EndTime "11:58:32 PST"]
[Termination "TheBigBoss04 won on time"]

1. e4 g6 2. d4 Bg7 3. Nc3 d6 4. Nf3 a6 5. Bd3 b5 6. a4 b4 7.
Ne2 Nd7 8. Ng3 a5 9. O-O e6 10. c3 bxc3 11. bxc3 Ba6 12. Bxa6 Rxa6 13. Qd3 Qa8 14. h4 Ngf6 15. h5 Nxh5 16. Nxh5 gxh5 17. Rb1 O-O 18. Rb5 c5 19. Bf4 Rc8 20. Rfb1 cxd4 21.
cxd4 Nf6 22. d5 exd5 23. exd5 Re8 24. Nh4 Ra7 25. Nf5 Ne4 26. Nxd6 Nxd6 27. Bxd6 Rd7 28. Rb8 Rxd6 29. Rxa8 Rxa8 30. Rb5 Bf8 31. g3 Rg6 32.
Kf1 Bb4 33. Qf5 Rd8 34. Rb7 Rf8 35. Qxh5 h6 36. Qf5 Kg7 37. Qe5+ Kg8 38. Rd7 1-0

[Event "*** Titled Tuesday Blitz"]
[Site "Chess.com"]
[Date "2021.03.02"]
[Round "10"]
[White "BogdanDeac"]
[Black "RobertoJBM"]
[Result "1-0"]
[WhiteElo "2974"]
[BlackElo "2730"]
[TimeControl "180+1"]
[EndTime "11:58:32 PST"]
[Termination "BogdanDeac won on time"]

1. Nf3 d5 2. d4 Nf6 3. c4 c6 4.
Nc3 dxc4 5. a4 Bf5 6. Ne5 Nbd7 7.
Nxc4 Nb6 8. Ne5 a5 9. h4 h6 10. f3 Nfd7 11. e4 Bh7 12. Nd3 e6 13. Be3 Nc4 14. Bf2 e5 15. Qb3 exd4 16. Bxd4 Nd6 17. O-O-O Qc7 18. Kb1 O-O-O 19. h5 f6 20.
Rc1 Kb8 21. Nd5 Bg8 22. Qc3 Bxd5 23. exd5 Nf5 24. Bf2 c5 25. Rh3 Bd6 26. g4 Ne7 27. Qb3 Qb6 28. Qa2 Rc8 29. f4 Rhd8 30. Re3 f5 31. g5 Nf8 32. Ree1 Qc7 33. gxh6 gxh6 34. Ne5 b6 35. Qb3 Ka7 36. Qb5 Ra8 37. Nf7 1-0

[Event "*** Titled Tuesday Blitz"]
[Site "Chess.com"]
[Date "2021.03.02"]
[Round "10"]
[White "Volodar_Murzin"]
[Black "AttilaTurzo"]
[Result "0-1"]
[WhiteElo "2677"]
[BlackElo "2576"]
[TimeControl "180+1"]
[EndTime "11:58:32 PST"]
[Termination "AttilaTurzo won on time"]

1. e4 c5 2. Nf3 Nc6 3. Bb5 Qc7 4.
O-O e6 5. c3 Nf6 6. Re1 a6 7. Bf1 Be7 8. d4 d5 9. e5 Ne4 10. Nbd2 Nxd2 11. Bxd2 O-O 12. Rc1 b5 13. Bd3 c4 14. Bb1 a5 15. h4 b4 16. h5 f5 17.
exf6 gxf6 18. Qc2 Bd6 19. Re2 a4 20. Rce1 a3 21. Rxe6 Bxe6 22. Rxe6 b3 23. Qf5 bxa2 24. Bxa2 axb2 25. Bb1 Rf7 26. Qxd5 Ra1 27. Re8+ Bf8 28. Re1 Qe7 29. Qxc6 Qxe1+ 30. Bxe1 Rxb1 31. Qb6 Ba3 32. Kh2 Ra1 33. Nd2 Rxe1 34. Qa6 Ra1 35. Qb5 Rd1 0-1

[Event "*** Titled Tuesday Blitz"]
[Site "Chess.com"]
[Date "2021.03.02"]
[Round "10"]
[White "zacachess"]
[Black "PushingpawnsNYC"]
[Result "1-0"]
[WhiteElo "2437"]
[BlackElo "2305"]
[TimeControl "180+1"]
[EndTime "11:58:32 PST"]
[Termination "zacachess won on time"]

1. e4 c5 2. Nf3 e6 3. d4 cxd4 4.
Nxd4 a6 5. Nc3 Bb4 6. Bd2 Qc7 7. g3 Nf6 8. Bg2 O-O 9. O-O Nc6 10. Nb3 d6 11. a3 Bxc3 12. Bxc3 e5 13. h3 Be6 14. f4 Rac8 15. fxe5 Nxe5 16. Rxf6 gxf6 17. Qh5 Bxb3 18. cxb3 Qb6+ 19. Kh2 Qe3 20. h4 Rc5 21. b4 Rc4 22. Re1 Qd3 23. Rf1 Rxe4 24. Bxe4 Qxe4 25. Rf4 Qc2+ 26. Kh3 Ng6 27. Rf3 Qd1 28. Bxf6 Qh1+ 29. Kg4 Re8 30. Qh6 Re4+ 31. Kg5 Qc1+ 32. Rf4 Re5+ 33. Kg4 Qd1+ 34. Rf3 Re4+ 35. Kg5 Re5+ 36. Bxe5 Nxe5 37. Rf4 1-0

[Event "*** Titled Tuesday Blitz"]
[Site "Chess.com"]
[Date "2021.03.02"]
[Round "10"]
[White "Grandelicious"]
[Black "verdest"]
[Result "1-0"]
[WhiteElo "2859"]
[BlackElo "2525"]
[TimeControl "180+1"]
[EndTime "11:58:33 PST"]
[Termination "Grandelicious won by resignation"]

1. d4 Nf6 2. c4 c5 3. Nf3 g6 4.
Nc3 Bg7 5. e4 O-O 6. Be2 d6 7.
O-O cxd4 8. Nxd4 Nc6 9. Be3 Bd7 10. h3 Rc8 11. Rc1 Qa5 12. Nb3 Qd8 13. c5 Be6 14. cxd6 Qxd6 15. Qxd6 exd6 16. Rfd1 Nb4 17. Rxd6 Nxa2 18. Nxa2 Bxb3 19. Rxc8 Rxc8 20. Nc3 Be6 21. Bxa7 Nd7 22. Be3 Be5 23. Rd1 Nc5 24. Bd4 Bxd4 25. Rxd4 Ra8 26. f4 Ra1+ 27. Kf2 Nb3 28. Rb4 Rc1 29.
f5 gxf5 30. exf5 Nc5 31. fxe6 Rc2 32. e7 Nd3+ 33. Ke3 Nxb4 34. e8=Q+ 1-0

[Event "*** Titled Tuesday Blitz"]
[Site "Chess.com"]
[Date "2021.03.02"]
[Round "10"]
[White "Bayernbk"]
[Black "GasconJR"]
[Result "1-0"]
[WhiteElo "2551"]
[BlackElo "2447"]
[TimeControl "180+1"]
[EndTime "11:58:33 PST"]
[Termination "Bayernbk won by resignation"]

1. e4 c5 2. c3 Nf6 3. e5 Nd5 4. d4 cxd4 5. Nf3 Nc6 6. cxd4 d6 7.
Bc4 Nb6 8. Bb5 dxe5 9. Nxe5 Bd7 10. Nxd7 Qxd7 11. Nc3 e6 12. O-O Be7 13. Qg4 O-O 14.
Bxc6 bxc6 15. Bh6 Bf6 16. Rfd1 Kh8 17. Ne4 Rg8 18. Bg5 Bxg5 19. Nxg5 h6 20. Nf3 Rad8 21. Ne5 Qe8 22. Rac1 Rc8 23. Qe4 Nd5 24. Rc4 Ne7 25.
Rdc1 Nf5 26. Rxc6 Rxc6 27. Rxc6 Qe7 28. g3 Rd8 29. Rc4 Nd6 30. Qh4 Qxh4 31. gxh4 Nxc4 32.
Nxf7+ Kg8 33. Nxd8 Nxb2 34. Nxe6 Nd3 35. Kg2 Kf7 36.
Nd8+ Ke7 37. Nc6+ Kd6 38. Nxa7 Kd5 39. Nb5 Nc1 40. a4 Ne2 41. Kf3 Nc1 42. Kg4 Nb3 43.
Kh5 Nxd4 44. Nxd4 Kxd4 45. Kg6 Kc4 46. Kxg7 1-0

[Event "*** Titled Tuesday Blitz"]
[Site "Chess.com"]
[Date "2021.03.02"]
[Round "10"]
[White "catzapto"]
[Black "fabianvivasz"]
[Result "0-1"]
[WhiteElo "2086"]
[BlackElo "2334"]
[TimeControl "180+1"]
[EndTime "11:58:33 PST"]
[Termination "fabianvivasz won by checkmate"]

1. e4 e5 2. Nf3 Nc6 3. d4 exd4 4. Bc4 Nf6 5. e5 d5 6. Bb5 Ne4 7. Nxd4 Bc5 8. Nxc6 Bxf2+ 9. Kf1 bxc6 10. Bxc6+ Kf8 11.
Qd3 Qh4 12. Bxd5 Bb6 13. Be3 Ba6 14. c4 Ng3+ 15. hxg3 Qxh1+ 16. Kf2 Rd8 17. Qa3+ Kg8 18. Bxb6 Rxd5 19. cxd5 Qf1+ 20. Ke3 axb6 21. Qe7 h5 22.
Nc3 Qxa1 23. Ne4 Qe1+ 24. Kf4 Qf1+ 25. Ke3 Qc1+ 26. Kf3 Qd1+ 27. Ke3 Qe2+ 28. Kf4 Qg4+ 29. Ke3 Kh7 30. Ng5+ Kg6 31. Qxf7+ Kxg5 32. Qxg7+ Kf5 33.
Qxh8 Qe4+ 34. Kf2 Qd4+ 35. Kf3 Qd3+ 36. Kf2 Qf1+ 37. Ke3 Qe2+ 38. Kd4 Qd3# 0-1